 Dungeon Crawl Stone Soup version 0.28.0-47-ge53b351184 (webtiles) character file.

Game seed: 13659500726959395034

39 Keeper01 the Chopper (level 3, -2/31 HPs)
             Began as a Hill Orc Gladiator on May 10, 2022.
             Killed from afar by Sigmund (7 damage)
             ... with a puff of flame
             ... on level 5 of the Dungeon.
             The game lasted 00:03:25 (719 turns).

Keeper01 the Chopper (Hill Orc Gladiator)            Turns: 719, Time: 00:03:25

Health: -2/31      AC:  4    Str: 18    XL:     3   Next: 45%
Magic:  3/3        EV: 12    Int:  8    God:
Gold:   53         SH:  0    Dex: 12    Spells: 2/2 levels left

rFire   . . .      SeeInvis .   a - +1 war axe
rCold   . . .      Faith    .   (no shield)
rNeg    . . .      Spirit   .   b - +0 leather armour
rPois   .          Reflect  .   c - +0 helmet
rElec   .          Harm     .   (no cloak)
rCorr   .          Rampage  .   (no gloves)
Will    .....                   (no boots)
Stlth   +.........              (no amulet)
HPRegen 0.10/turn               (no ring)
MPRegen 0.08/turn               (no ring)

@: hasted, very quick
A: no striking features
a: no special abilities


You were on level 5 of the Dungeon.
You visited 1 branch of the dungeon, and saw 5 of its levels.

You collected 53 gold pieces.

Inventory:

Hand Weapons
 a - a +1 war axe (weapon)
Missiles
 d - 3 throwing nets (quivered)
Armour
 b - a +0 leather armour (worn)
 c - a +0 helmet (worn)
Scrolls
 h - 3 scrolls of teleportation


   Skills:
 + Level 3.1 Fighting
 + Level 4.8 Axes
 + Level 1.8 Throwing
 + Level 0.1 Armour
 + Level 2.7 Dodging


You had 2 spell levels left.
You didn't know any spells.
Your spell library contained the following spells:

 Spells                   Type           Power      Damage    Failure   Level
 Ignite Poison            Fire/Tmut/Pois 0%         N/A       83%         3
 Mephitic Cloud           Conj/Pois/Air  0%         N/A       83%         3
 Freezing Cloud           Conj/Ice/Air   0%         6-21      100%        5


Dungeon Overview and Level Annotations

Branches:
Dungeon (5/15)
 Temple: D:4-7

Altars:

Annotations:
D:5 Sigmund


Message History

You hit the worm. You punch the worm.
The worm is severely wounded.
The worm bites you!
You barely miss the worm.
The worm is severely wounded.
The worm closely misses you.
You slash the worm!
You kill the worm!
You start resting.
HP restored.
You see here a +0 leather armour.
Found a robe.
h - 3 scrolls labelled WAWAOJ TIAMOG
As you read the scroll labelled ZAJAPL FEUL, it crumbles to dust.
It is a scroll of identify.
h - 3 scrolls of teleportation
As you read the scroll of identify, it crumbles to dust.
g - a scroll of enchant weapon
As you read the scroll of enchant weapon, it crumbles to dust.
Your +0 war axe glows red for a moment.
Sigmund the Dreaded comes into view.
He is wielding a +0 scythe and carrying a wand of flame (16).
Sigmund giggles. "Time to reap what you sow."
Sigmund zaps a wand.
The puff of flame hits you!
It was a potion of haste.
You feel yourself speed up. Sigmund casts a spell at you.
The magic dart hits you.
You barely miss Sigmund. Sigmund hits you with a +0 scythe.
You closely miss Sigmund. You slash Sigmund!
Sigmund is moderately wounded.
Sigmund barely misses you.
You hit Sigmund.
Sigmund is heavily wounded.
Sigmund zaps a wand.
The puff of flame hits you!
* * * LOW HITPOINT WARNING * * *
You barely miss Sigmund.
Sigmund is heavily wounded.
Sigmund says, "Don't worry, I'll kill you fast."
Sigmund zaps a wand.
The puff of flame hits you!
You die...

# #. ## #.###
...###...#
....##.##
#..#..######
#@@.......#
####......#
###.[..#
##..##
#..#####
##.##..#
#.....#####.
#...........
###.......####


You could see Sigmund.

Vanquished Creatures
  2 adders (D:2)
  An adder zombie (D:3)
  An adder skeleton (D:4)
  A worm (D:5)
  A dart slug (D:2)
  An orc (D:5)
  An endoplasm (D:3)
  A quokka (D:2)
  A frilled lizard (D:2)
  A kobold (D:3)
  A quokka zombie (D:3)
12 creatures vanquished.

Notes
Turn   | Place    | Note
-------+----------+-------------------------------------------
     0 | D:1      | Keeper01 the Hill Orc Gladiator began the quest for the
                  | Orb.
     0 | D:1      | Reached XP level 1. HP: 18/18 MP: 1/1
   127 | D:2      | Reached XP level 2. HP: 25/25 MP: 2/2
   340 | D:3      | Reached XP level 3. HP: 31/31 MP: 3/3
   499 | D:5      | Entered Level 5 of the Dungeon
   710 | D:5      | Noticed Sigmund
   719 | D:5      | Killed from afar by Sigmund

Illustrated notes

Levels and vault maps discovered:
D:1:      dpeg_arrival_three_bigger_balls, layout_basic, minmay_tromino_v7
D:2:      layout_rooms, feat_on_display
D:3:      layout_rooms, general_overflow_altar,
          nicolae_yredelemnul_corpse_copse, serial_bayou_crossing
D:4:      layout_loops_ring, hangedman_abyss_or_decor_stagger
D:5:      layout_rooms, gammafunk_temple_overflow_claw, temple_hall_moat,
          minmay_fire_ice_demons, uniq_crazy_yiuf_cottage, uniq_sigmund,
          uniq_ijyb

Skill      XL: |  1  2 |
---------------+-------+-----
Fighting       | 3 |  3.1
Axes           | |  4.8
Throwing       | |  1.8
Armour         | |  0.1
Dodging        | |  2.7

Action                   || total
-------------------------++-------
Melee: War axe           ||    35
       Punch             ||     1
  Use: Scroll            ||     3
       Potion            ||     1
Armor: Leather armour    ||     3
Dodge: Dodged            ||    21
